 Dungeon Crawl Stone Soup version 0.16-a0-3553-gf2c86d1 (webtiles) character file.

37 RedPan the Chiller (level 3, 0/26 HPs)
             Began as a Draconian Ice Elementalist on Jan 10, 2015.
             Slain by Sigmund
             ... wielding a +0 scythe
              (6 damage)
             ... on level 2 of the Dungeon.
             The game lasted 00:03:18 (1394 turns).

RedPan the Chiller (Draconian Ice Elementalist)     Turns: 1394, Time: 00:03:19

Health: 0/26       AC:  6    Str: 10    XL:     3   Next: 23%
Magic:  3/6        EV: 12    Int: 16    God:
Gold:   64         SH:  0    Dex: 11    Spells: 2 memorised, 4 levels left

rFire  . . .     SeeInvis .     a - +0 dagger
rCold  . . .     Clarity  .     (armour unavailable)
rNeg   . . .     SustAb   .     (no shield)
rPois  .         Gourm    .     (helmet restricted)
rElec  .         Spirit   .     (no cloak)
rCorr  .         Warding  .     i - +0 pair of gloves
rMut   .         Stasis   .     (no boots)
MR     .....                    (no amulet)
Stlth  ++........               (no ring)
                                (no ring)

@: not resistant to hostile enchantments, unstealthy
A: unfitting armour, cold-blooded, AC +5
a: no special abilities


You were on level 2 of the Dungeon.
You were hungry.

You visited 1 branch of the dungeon, and saw 2 of its levels.

You collected 64 gold pieces.

Inventory:

Hand weapons
 a - a +0 dagger (weapon)
Armour
 i - a +0 pair of gloves (worn)
Jewellery
 e - an uncursed ring of fire
Scrolls
 d - a scroll of magic mapping {unknown}
 g - a scroll of recharging {unknown}
 h - a scroll of noise {unknown}
 j - 2 scrolls of identify {unknown}
 l - a scroll of amnesia {unknown}
Potions
 k - a potion of flight {unknown}
Books
 b - a book of Frost

   Spells                             Type                      Level
   a - Freeze                         Ice                          1
   b - Throw Frost                    Conjuration/Ice              2
   c - Ozocubu's Armour               Charms/Ice                   3
   d - Throw Icicle                   Conjuration/Ice              4
   e - Summon Ice Beast               Ice/Summoning                4
   f - Condensation Shield            Ice                          4
Comestibles
 c - 2 bread rations
 f - a slice of pizza


   Skills:
 - Level 1.7 Dodging
 - Level 1.7 Stealth
 + Level 2.6 Spellcasting
 - Level 1.0 Conjurations
 + Level 3.8 Ice Magic


You had 4 spell levels left.
You knew the following spells:

 Your Spells              Type           Power        Failure   Level  Hunger
a - Freeze                Ice            ##..         4%          1    #......
b - Throw Frost           Conj/Ice       #.....       12%         2    ##.....


Dungeon Overview and Level Annotations

Branches:
Dungeon (2/15)

Altars:

Annotations:
D:2 Sigmund


Innate Abilities, Weirdness & Mutations

Your plain brown scales are hard (AC +5).
Your body does not fit into most forms of armour.
Your cold-blooded metabolism reacts poorly to cold.


Message History

The puff of flame hits you!
* * * LOW HITPOINT WARNING * * *
You see here a stone.
Casting: Freeze
Confirm with . or Enter, or press ? or * to list all spells.
Aiming: Freeze
Press: ? - help, Shift-Dir - straight line, f - Sigmund
Aim: Sigmund, wielding a scythe and wearing a robe You freeze Sigmund.
Sigmund is moderately wounded.
The bat barely misses you.
Casting: Freeze
Confirm with . or Enter, or press ? or * to list all spells.
Aiming: Freeze
Press: ? - help, Shift-Dir - straight line, f/p - Sigmund
Aim: Sigmund, wielding a scythe and wearing a robe (moderately wounded)
You freeze Sigmund.
Sigmund is moderately wounded.
The bat closely misses you. Sigmund hits you with a scythe.
You die...

.... . $.... #.### ......
#..$.. .......###......
.....#.........
...#..........
#............
###########.@.........
#....)....b.@).........
#..##).<...##.#.........
.........##.#.##........$..
##.#######.#.####<#.....#
#.#.# #...##### #...# #..##
#..## #... #..# ..... ....
#####.


You could see Sigmund and a bat.

Vanquished Creatures
  An adder (D:1)
  2 bats (D:1)
  6 hobgoblins
  4 kobolds
  2 giant cockroaches (D:1)
  2 giant newts (D:1)
  4 goblins
  4 jackals (D:1)
  2 rats
27 creatures vanquished.

Notes
Turn   | Place    | Note
--------------------------------------------------------------
     0 | D:1      | RedPan, the Draconian Ice Elementalist, began the quest for the Orb.
     0 | D:1      | Reached XP level 1. HP: 14/14 MP: 3/3
   177 | D:1      | Reached XP level 2. HP: 20/20 MP: 3/5
   779 | D:1      | Learned a level 2 spell: Throw Frost
  1126 | D:1      | Reached XP level 3. HP: 23/26 MP: 3/6
  1386 | D:2      | Noticed Sigmund
  1394 | D:2      | Slain by Sigmund

Action                   || total
-------------------------++-------
Melee: Dagger            ||    73
       Unarmed           ||     4
 Cast: Freeze            ||    23
 Stab: Sleeping          ||     2
  Eat: Chunk             ||     1
